 Dungeon Crawl Stone Soup version 0.32-a0-675-gdc239d62e1 (webtiles) character file.

Game seed: 6151758782195257838

2676 robwolf the Carver (level 9, -4/66 HPs)
             Began as a Gnoll Cinder Acolyte on Mar 11, 2024.
             Was a High Priest of Ignis.
             Hit by a javelin thrown by Urug (20 damage)
             ... on level 10 of the Dungeon.
             The game lasted 01:50:51 (6305 turns).

robwolf the Carver (Gnoll Cinder Acolyte)           Turns: 6305, Time: 01:51:12

Health: -4/66      AC: 10    Str: 16    XL:     9   Next: 64%
Magic:  17/17      EV: 13    Int: 14    God:    Ignis [*****.]
Gold:   462        SH:  4    Dex:  9    Spells: 10/18 levels left

rFire   + . .        r - +4 long sword
rCold   . . .        q - +0 buckler
rNeg    . . .        H - +0 chain mail
rPois   +            (no helmet)
rElec   .            (no cloak)
rCorr   .            (no gloves)
SInv    +            (no boots)
Will    .....        (no amulet) Stlth
                     l - +5 ring of evasion
HPRegen 0.31/turn    D - ring of poison resistance
MPRegen 0.15/turn

%: no passive effects
@: about to teleport
A: fangs 1, strong nose, distributed training, see invisible, frail 1, shaggy
fur 1
a: Renounce Religion, Fiery Armour, Foxfire Swarm, Rising Flame


You were on level 10 of the Dungeon.
You worshipped Ignis.
Ignis was extremely pleased with you.
You visited 1 branch of the dungeon, and saw 8 of its levels.
You also visited: Sewer.

You collected 462 gold pieces.

Inventory:

Hand Weapons
 a - a -1 falchion of flaming
 f - a +2 dagger of freezing
 k - the +0 trident "Keucut" {antimagic, rCorr}
   (You found it on level 2 of the Dungeon)

   rCorr:     It protects you from acid and corrosion.
 n - a +0 scythe
 r - a +4 long sword (weapon)
 v - a +2 dagger of venom
 J - a +0 giant spiked club
 L - a +0 sling
 M - a +1 heavy hand axe
Missiles
 e - 42 stones (quivered)
 t - 2 poisoned darts
Armour
 h - a +0 scale mail
 p - a +0 scale mail
 q - a +0 buckler (worn)
 y - a +0 ring mail
 H - a +0 chain mail (worn)
Magical Staves
 b - a staff of alchemy
Jewellery
 g - a ring of poison resistance
 l - a +5 ring of evasion (left hand)
 A - a ring of see invisible
 D - a ring of poison resistance (right hand)
 O - a ring of fire
Wands
 j - a wand of flame (44)
 u - a wand of light (2)
Scrolls
 i - a scroll of identify
 w - 3 scrolls of teleportation
 z - a scroll of vulnerability {unknown}
 I - a scroll of immolation
 N - a scroll of fear {unknown}
Potions
 o - a potion of attraction {unknown}
 s - 2 potions of resistance
 x - a potion of lignification
 B - a potion of degeneration {unknown}
 C - 4 potions of brilliance
 E - a potion of invisibility
 F - a potion of haste
 G - 2 potions of might {unknown}
 K - 2 potions of mutation


   Skills:
 + Level 8.1 Fighting
 + Level 4.6 Short Blades
 + Level 8.1 Long Blades
 + Level 4.6 Axes
 + Level 4.6 Maces & Flails
 + Level 4.6 Polearms
 + Level 4.6 Staves
 + Level 4.6 Ranged Weapons
 + Level 4.6 Throwing
 + Level 4.6 Armour
 + Level 4.6 Dodging
 + Level 4.6 Stealth
 + Level 4.6 Shields
 + Level 4.6 Unarmed Combat
 + Level 5.4 Spellcasting
 + Level 3.8 Conjurations
 + Level 3.8 Hexes
 + Level 3.8 Summonings
 + Level 3.8 Necromancy
 + Level 3.8 Translocations
 + Level 6.7 Fire Magic
 + Level 3.8 Ice Magic
 + Level 3.8 Air Magic
 + Level 3.8 Earth Magic
 + Level 3.8 Alchemy
 + Level 5.1 Invocations
 + Level 4.6 Evocations
 + Level 4.2 Shapeshifting


You had 10 spell levels left.
You knew the following spells:

 Your Spells              Type           Power      Damage    Failure   Level
a - Scorch                Fire           44%        2d6       22%         2
b - Frozen Ramparts       Ice            28%        1d5       82%         3
c - Inner Flame           Hex/Fire       18%        N/A       63%         3

Your spell library contained the following spells:

 Spells                   Type           Power      Damage    Failure   Level
 Freeze                   Ice            56%        1d7       43%         1
 Hailstorm                Conj/Ice       14%        3d6       82%         3
 Manifold Assault         Tloc           14%        N/A       99%         4
 Passage of Golubria      Tloc           14%        N/A       99%         4
 Irradiate                Conj/Alch      7%         3d14      100%        5
 Silence                  Hex/Air        7%         N/A       100%        5
 Dispersal                Tloc           7%         N/A       100%        6
 Disjunction              Tloc           7%         N/A       100%        8
 Ignition                 Fire           11%        3d5       100%        8
 Lehudib's Crystal Spear  Conj/Erth      7%         10d3      100%        8


Dungeon Overview and Level Annotations

Branches:
Dungeon (7/15)             Temple (0/1) D:7           Sewer (visited)

Altars:
Ashenzari
Fedhas
Nemelex Xobeh
Qazlal
Trog
Wu Jian
Xom

Annotations:
D:5 exclusion: oklob plant
D:7 1 transporter
D:10 Urug


Innate Abilities, Weirdness & Mutations

You have very sharp teeth.
Your uncanny sense of smell can sniff out nearby items.
Your experience applies equally to all skills.
You have supernaturally acute eyesight. (SInv)
You are frail. (-10% HP)
You are covered in fur. (AC +1)


Message History

* * * LOW HITPOINT WARNING * * *
The vampire draws strength from your injuries!
Aiming: Bolt of Light
Press: ? - help, Q - select action, (/) - cycle Shift-Dir - straight line, f/p - vampire
Aim: a vampire (severely damaged, slightly transparent, 74% to hit)
The bolt of light hits the vampire!
The vampire is almost destroyed.
The vampire hits you!
* * * LOW HITPOINT WARNING * * *
The vampire bites you but does no damage.
Aiming: Bolt of Light
Press: ? - help, Q - select action, (/) - cycle Shift-Dir - straight line, f/p - vampire
Aim: a vampire (almost destroyed, slightly transparent, 74% to hit)
The bolt of light hits the vampire!
You destroy the vampire!
You hear the faint creaking of a distant portcullis.
Unknown command.
C - 4 fuming amethyst potions (gained 1)
You now have 462 gold pieces (gained 9).
As you read the scroll of identify, it crumbles to dust.
C - 4 potions of brilliance
Okay, then.
Okay, then.
Okay, then.
Okay, then.
You remove your ring of see invisible.
D - a ring of poison resistance (right hand)
You start to feel less resistant.
Your resistance to elements expires.
Urug the Orcish Ballista comes into view.
She is wielding a +0 demon trident of venom.
Urug shouts!
Urug moves out of view.
Urug throws a javelin.
The javelin closely misses you.
As you read the scroll of teleportation, it crumbles to dust.
You feel strangely unstable.
Urug winks... or blinks.
Urug throws a javelin.
The javelin pierces through you!!
You die...
Urug says, "One more harpy dead."
Ignis goes out, and joins you in death.

....... ......
....... ......
......o ......
.......####....#
...............#
...............#
...............#
.......@.......#
######.........#
#.........#
#.........#
#.........#
#.......###
#.......#
#.......#
#.......#


You could see Urug.

Vanquished Creatures
  An unseen horror (D:6)
  Sigmund (D:3)
  A vampire (D:10)
  2 steam dragons
  Menkaure (D:7)
  A water moccasin (D:7)
  3 ice beasts
  A sky beast (D:7)
  An ogre (D:5)
  A centaur (D:7)
  3 phantoms
  Blork the orc (D:6)
  A bullfrog (D:7)
  3 scorpions
  A howler monkey (D:5)
  2 hounds
  A bombardier beetle (D:3)
  A jelly (D:7)
  Ijyb (D:3)
  Terence (D:2)
  3 iguanas
  2 orc wizards
  3 gnolls (D:3)
  8 adders
  A shadow imp (D:7)
  2 ufetubi (D:5)
  A dart slug (D:1)
  4 ribbon worms
  6 orcs
  9 endoplasms
  3 giant cockroaches
  10 goblins
  10 hobgoblins
  5 quokkas
  10 ball pythons
  5 bats
  3 frilled lizards
  16 kobolds
  4 rats
133 creatures vanquished.

Notes
Turn   | Place    | Note
-------+----------+-------------------------------------------
     0 | D:1      | robwolf the Gnoll Cinder Acolyte began the quest for the
                  | Orb.
     0 | D:1      | Reached XP level 1. HP: 23/23 MP: 4/4
   110 | D:1      | Reached XP level 2. HP: 24/29 MP: 5/5
   744 | D:1      | Found a faded altar of an unknown god.
   922 | D:1      | Learned a level 2 spell: Scorch
   951 | D:1      | Reached XP level 3. HP: 35/35 MP: 4/7
  1294 | D:2      | Reached skill level 1 in Invocations
  1428 | D:2      | Identified the +0 trident "Keucut" {antimagic, rCorr}
  1600 | D:2      | Noticed Terence
  1620 | D:2      | Killed Terence
  1621 | D:2      | Reached skill level 1 in Short Blades
  1621 | D:2      | Reached skill level 1 in Axes
  1621 | D:2      | Reached skill level 1 in Maces & Flails
  1621 | D:2      | Reached skill level 1 in Polearms
  1621 | D:2      | Reached skill level 1 in Staves
  1621 | D:2      | Reached skill level 1 in Ranged Weapons
  1621 | D:2      | Reached skill level 1 in Throwing
  1621 | D:2      | Reached skill level 1 in Armour
  1621 | D:2      | Reached skill level 1 in Dodging
  1621 | D:2      | Reached skill level 1 in Stealth
  1621 | D:2      | Reached skill level 1 in Shields
  1621 | D:2      | Reached skill level 1 in Unarmed Combat
  1621 | D:2      | Reached skill level 1 in Evocations
  1621 | D:2      | Reached skill level 1 in Shapeshifting
  1621 | D:2      | Reached XP level 4. HP: 34/41 MP: 4/8
  1754 | D:2      | Reached skill level 1 in Conjurations
  1754 | D:2      | Reached skill level 1 in Hexes
  1754 | D:2      | Reached skill level 1 in Summonings
  1754 | D:2      | Reached skill level 1 in Necromancy
  1754 | D:2      | Reached skill level 1 in Translocations
  1754 | D:2      | Reached skill level 1 in Ice Magic
  1754 | D:2      | Reached skill level 1 in Air Magic
  1754 | D:2      | Reached skill level 1 in Earth Magic
  1754 | D:2      | Reached skill level 1 in Alchemy
  1863 | D:3      | Noticed Sigmund
  1894 | D:3      | Reached XP level 5. HP: 47/47 MP: 9/9
  1905 | D:3      | Killed Sigmund
  1906 | D:3      | Reached XP level 6. HP: 43/53 MP: 6/11
  2176 | D:3      | Noticed Ijyb
  2183 | D:3      | Killed Ijyb
  2381 | D:3      | Found a broken altar of Ashenzari.
  2638 | D:4      | Learned a level 3 spell: Frozen Ramparts
  3054 | D:4      | Reached XP level 7. HP: 60/60 MP: 12/12
  3399 | D:5      | Entered Level 5 of the Dungeon
  3415 | D:5      | Learned a level 3 spell: Inner Flame
  3694 | D:5      | Found a glowing drain.
  3721 | Sewer    | Entered a sewer
  4285 | D:5      | Found a blossoming altar of Fedhas.
  4309 | D:5      | Noticed an oklob plant
  4543 | D:5      | Reached XP level 8. HP: 32/67 MP: 14/14
  4747 | D:5      | Found a sparkling altar of Nemelex Xobeh.
  5084 | D:6      | Noticed Blork the orc
  5098 | D:6      | Killed Blork the orc
  5214 | D:6      | Found an ornate altar of the Wu Jian Council.
  5260 | D:6      | Killed an unseen horror
  5358 | D:6      | Reached XP level 9. HP: 59/73 MP: 16/16
  5659 | D:6      | Found a stormy altar of Qazlal.
  5685 | D:6      | Reached skill level 5 in Spellcasting
  5960 | D:7      | Found a bloodstained altar of Trog.
  6051 | D:7      | Noticed Menkaure
  6068 | D:7      | Killed Menkaure
  6071 | D:7      | Found a staircase to the Ecumenical Temple.
  6112 | D:7      | Found a shimmering altar of Xom.
  6171 | D:7      | Found a transporter.
  6217 | D:7      | Reached skill level 5 in Invocations
  6224 | D:7      | You fall into a shaft and drop 3 floors!
  6224 | D:10     | Entered Level 10 of the Dungeon
  6271 | D:10     | Gained mutation: You have supernaturally acute eyesight.
                  | (SInv) [potion of mutation]
  6271 | D:10     | Gained mutation: You are covered in fur. (AC +1) [potion of
                  | mutation]
  6271 | D:10     | Gained mutation: You are frail. (-10% HP) [potion of
                  | mutation]
  6302 | D:10     | Noticed Urug
  6305 | D:10     | Hit by a javelin thrown by Urug

Illustrated notes

Levels and vault maps discovered:
D:1:      dpeg_arrival_arbitrary_a, layout_basic,
          chequers_ecumenical_altar_simple
D:2:      layout_loops_ring, uniq_terence
D:3:      layout_basic, lemuel_blue_sif_altar, cheibrodos_ashenzari_chains,
          uniq_ijyb, uniq_sigmund
D:4:      layout_gridville, nicolae_ru_path_of_blood
D:5:      layout_basic, tgw_fedhas, nemelex_diamond_rough_becter,
          portal_sewer_entry_b
D:6:      layout_basic, mainiacjoe_overflow_tiny_flanked,
          nicolae_wu_jian_wuxing_cycle, uniq_blork_the_orc
D:7:      layout_rooms, mainiacjoe_overflow_cross_hatched, xom_teletrap_fun,
          minmay_temple_entry_stoned_glass, gammafunk_ghost_arena,
          chequers_serial_rivers_small_b, uniq_menkaure, uniq_pikel
D:10:     kennysheep_blocky_hall, layout_long_grid, enter_bailey_5,
          enter_trove_2, uniq_maurice, uniq_urug

Skill      XL: |  1  2  3  4  5  6  7  8  9 |
---------------+----------------------------+-----
Invocations    | 1 2 3 4 5 |  5.1
Short Blades   | 1 2 3 4 |  4.6
Axes           | 1 2 3 4 |  4.6
Maces & Flails | 1 2 3 4 |  4.6
Polearms       | 1 2 3 4 |  4.6
Staves         | 1 2 3 4 |  4.6
Ranged Weapons | 1 2 3 4 |  4.6
Throwing       | 1 2 3 4 |  4.6
Armour         | 1 2 3 4 |  4.6
Dodging        | 1 2 3 4 |  4.6
Stealth        | 1 2 3 4 |  4.6
Shields        | 1 2 3 4 |  4.6
Unarmed Combat | 1 2 3 4 |  4.6
Spellcasting   | 3 4 5 |  5.4
Evocations     | 1 2 3 4 |  4.6
Shapeshifting  | 1 2 3 4 |  4.2
Conjurations   | 1 2 3 |  3.8
Hexes          | 1 2 3 |  3.8
Summonings     | 1 2 3 |  3.8
Necromancy     | 1 2 3 |  3.8
Translocations | 1 2 3 |  3.8
Ice Magic      | 1 2 3 |  3.8
Air Magic      | 1 2 3 |  3.8
Earth Magic    | 1 2 3 |  3.8
Alchemy        | 1 2 3 |  3.8
Fighting       | 7 8 |  8.1
Long Blades    | 7 8 |  8.1
Fire Magic     | 6 |  6.7

Action                     |  1- 3 |  4- 6 |  7- 9 || total
---------------------------+-------+-------+-------++-------
  Melee: Falchion          |   111 |    63 |       ||   174
         Bite              |     7 |     7 |    26 ||    40
         Long sword        |       |    66 |   335 ||   401
  Throw: Stone             |     6 |       |     8 ||    14
   Cast: Scorch            |     7 |     5 |     1 ||    13
 Invoke: Fiery Armour      |       |     1 |       ||     1
  Evoke: Wand              |       |       |     7 ||     7
    Use: Scroll            |     1 |     3 |     5 ||     9
         Potion            |     1 |     3 |     8 ||    12
   Stab: Invisible         |       |       |     1 ||     1
 Armour: Robe              |    20 |       |       ||    20
         Scale mail        |    68 |    72 |    55 ||   195
         Chain mail        |       |       |   163 ||   163
  Dodge: Dodged            |    73 |   101 |   189 ||   363
  Block: Buckler           |       |    16 |    53 ||    69

Table legend: (Time is in decaauts)
 A = Elapsed time spent in this place.
 B = Non-inter-level travel time spent in this place.
 C = Inter-level travel time spent in this place.
 D = Time resting spent in this place.
 E = Time spent auto-exploring this place.
 F = Levels seen in this place.
 G = Mean time per level.
                   A        B        C        D        E       F      G
               +--------+--------+--------+--------+--------+-----+--------+
         Total |   6349 |   6335 |     14 |   1004 |      0 |   9 |  705.4 |
       Dungeon |   5879 |   5865 |     14 |    904 |      0 |   8 |  734.9 |
         Sewer |    470 |    470 |      0 |    100 |      0 |   1 |  470.0 |
               +--------+--------+--------+--------+--------+-----+--------+

Top non-repeatable levels by time:
     D:1: 1279 daAuts
     D:5: 1187 daAuts
     D:6: 926 daAuts
     D:4: 895 daAuts
     D:3: 680 daAuts
     D:2: 559 daAuts
   Sewer: 470 daAuts
     D:7: 271 daAuts
    D:10: 78 daAuts
